 Dungeon Crawl Stone Soup version 0.31-a0-221-gbddc013574 (webtiles) character file.

Game seed: 7239501859723070360

53 timneilson the Shield-Bearer (level 3, 0/23 HPs)
             Began as a Gargoyle Fighter on July 4, 2023.
             Slain by a gnoll
             ... wielding a +0 halberd
              (8 damage)
             ... on level 3 of the Dungeon.
             The game lasted 00:03:13 (1483 turns).

timneilson the Shield-Bearer (Gargoyle Fighter)     Turns: 1483, Time: 00:03:14

Health: 0/23       AC: 11    Str: 19    XL:     3   Next: 89%
Magic:  3/3        EV:  9    Int:  8    God:
Gold:   64         SH:  4    Dex: 11    Spells: 2/2 levels left

rFire   + . .        a - +0 long sword
rCold   + . .        c - +0 buckler
rNeg    + . .        b - +0 scale mail
rPois   ∞            f - +0 helmet
rElec   +            e - scarf {rC+ rF+}
rCorr   .            (no gloves)
SInv    .            (no boots)
Will    .....        (no amulet) Stlth
                     (no ring)
HPRegen 0.23/turn    (no ring)
MPRegen 0.08/turn

%: no passive effects
@: no status effects
A: sickness immunity, AC +3, negative energy resistance 1, electricity
resistance, torment resistance 1, petrification resistance
a: no special abilities


You were on level 3 of the Dungeon.
You visited 1 branch of the dungeon, and saw 3 of its levels.

You collected 64 gold pieces.

Inventory:

Hand Weapons
 a - a +0 long sword (weapon)
Armour
 b - a +0 scale mail (worn)
 c - a +0 buckler (worn)
 e - a scarf of resistance (worn)
 f - a +0 helmet (worn)
 k - a +0 plate armour
Potions
 d - a potion of might
 h - a potion of cancellation
 i - a potion of enlightenment
 l - a potion of resistance
 n - a potion of berserk rage
 p - a potion of invisibility {unknown}
 r - a potion of haste {unknown}


   Skills:
 + Level 3.5 Fighting
 * Level 2.3 Long Blades
 * Level 3.8 Armour
 + Level 0.7 Dodging
 * Level 3.9 Shields


You had 2 spell levels left.
You didn't know any spells.
Your spell library contained the following spells:

 Spells                   Type           Power      Damage    Failure   Level
 Scorch                   Fire           0%         2d5       94%         2
 Portal Projectile        Hex/Tloc       0%         N/A       99%         3
 Tukima's Dance           Hex            0%         N/A       99%         3
 Flame Wave               Conj/Fire      0%         2d4       100%        4
 Blade Hands              Tmut           0%         N/A       100%        5
 Summon Cactus Giant      Summ           0%         N/A       100%        6


Dungeon Overview and Level Annotations

Branches:
Dungeon (3/15)

Altars:
Xom

Shops:
D:1 (


Innate Abilities, Weirdness & Mutations

You are immune to sickness and miasma.
Your stone body is resilient. (AC +3)
You are immune to poison.
You resist negative energy. (rN+)
You are resistant to electric shocks. (rElec)
You are resistant to unholy torment.
You are immune to petrification.


Message History

No target in view!
No target in view!
No target in view!
No target in view!
No target in view!
No target in view!
No target in view!
No target in view!
No target in view!
No target in view!
No target in view!
You see here a giant cockroach corpse.
There is a stone staircase leading down here.
You start resting.
HP restored.
You climb downwards.
The gnoll shouts! x2
The gnoll closely misses you.
There is a stone staircase leading up here.
The gnoll misses you.
The gnoll hits you from afar with a +0 halberd.
The gnoll barely misses you. The gnoll hits you with a +0 flail!
You climb upwards.
There is a stone staircase leading down here.
You slash the gnoll!
The gnoll is heavily wounded.
The gnoll hits you but does no damage.
You slash the gnoll!
You kill the gnoll!
You now have 64 gold pieces (gained 13).
Things that are here:
a +0 flail; a gnoll corpse
There is a stone staircase leading down here.
You start resting.
HP restored.
You climb downwards.
The gnoll hits you but does no damage.
The gnoll hits you from afar with a +0 halberd.
The gnoll hits you with a +0 flail!
The gnoll hits you from afar with a +0 halberd!
You die...

. .## ...
###.######
......g.#
#.##.....#.###
#....g@.......
#######...####
...# #..# ..+
..+ .+ .#


You could see 2 gnolls.

Vanquished Creatures
  A gnoll (D:2)
  2 adders (D:2)
  A dart slug (D:1)
  2 endoplasms
  3 giant cockroaches
  2 goblins (D:2)
  A hobgoblin (D:1)
  6 ball pythons
  4 frilled lizards
  4 rats
26 creatures vanquished.

Notes
Turn   | Place    | Note
-------+----------+-------------------------------------------
     0 | D:1      | timneilson the Gargoyle Fighter began the quest for the
                  | Orb.
     0 | D:1      | Reached XP level 1. HP: 14/14 MP: 1/1
    47 | D:1      | Found Seucauz's Weapon Shoppe.
   120 | D:1      | Reached XP level 2. HP: 19/19 MP: 2/2
   597 | D:2      | Found a faded altar of an unknown god.
   702 | D:2      | Reached XP level 3. HP: 18/23 MP: 3/3
   760 | D:2      | Found a shimmering altar of Xom.
  1483 | D:3      | Slain by a gnoll

Illustrated notes

Levels and vault maps discovered:
D:1:      amcnicky_arrival_feature_with_door, layout_basic, serial_shops, shop
D:2:      layout_loops_ring, hellmonk_ecumenical_altar_pennies_from_heaven,
          basic_altar, dk_noncrumbling_3, nicolae_kite_square_tiling_tiny,
          minmay_misc_feat_secret_circle, kennysheep_generic_room_4
D:3:      layout_basic, mainiacjoe_overflow_alcove_4, grunt_decor_junction

Skill      XL: |  1 |
---------------+----+-----
Long Blades    | 2 |  2.3
Fighting       | |  3.5
Armour         | |  3.8
Dodging        | |  0.7
Shields        | |  3.9

Action                     || total
---------------------------++-------
  Melee: Long sword        ||   110
    Use: Scroll            ||    11
 Armour: Scale mail        ||    63
  Dodge: Dodged            ||    76
  Block: Buckler           ||    16

Table legend: (Time is in decaauts)
 A = Elapsed time spent in this place.
 B = Non-inter-level travel time spent in this place.
 C = Inter-level travel time spent in this place.
 D = Time resting spent in this place.
 E = Time spent auto-exploring this place.
 F = Levels seen in this place.
 G = Mean time per level.
                   A        B        C        D        E       F      G
               +--------+--------+--------+--------+--------+-----+--------+
         Total |   1523 |   1470 |     53 |     46 |   1053 |   3 |  507.7 |
       Dungeon |   1523 |   1470 |     53 |     46 |   1053 |   3 |  507.7 |
               +--------+--------+--------+--------+--------+-----+--------+

Top non-repeatable levels by time:
     D:2: 989 daAuts
     D:1: 524 daAuts
     D:3: 9 daAuts
